 Dungeon Crawl Stone Soup version 0.16.1-4-g8e1b745 (webtiles) character file.

57789 RobertPalmer the Lord of Darkness (level 14, -2/78 (81) HPs)
             Began as an Octopode Warper on Mar 26, 2015.
             Was the Champion of Kikubaaqudgha.
             Shot with an arrow of frost by a centaur warrior (4 damage)
             ... on level 13 of the Dungeon.
             The game lasted 01:55:00 (38382 turns).

RobertPalmer the Lord of Darkness (OpWr)           Turns: 38382, Time: 01:55:01

HP:   -2/78 (81)    AC:  3    Str: 11    XL:     14   Next: 87%
MP:   20/33         EV: 21    Int: 16    God:    Kikubaaqudgha [******]
Gold: 1616          SH:  7    Dex: 15    Spells: 8 memorised, 7 levels left

rFire  . . .     SeeInvis +     a - +9 quick blade (pain)
rCold  . . .     Clarity  .     e - +0 buckler
rNeg   . . .     SustAb   .     (helmet restricted)
rPois  +         Gourm    .     T - amulet of faith {Faith, !P}
rElec  .         Spirit   .     x - +5 ring of evasion
rCorr  .         Warding  .     h - ring of see invisible {sInv, !d}
rMut   .         Stasis   .     E - ring of wizardry (curse) {Wiz+, !d}
MR     ++...                    s - ring of protection from magic {MR+, !d}
Stlth  +++++++...               n - ring of poison resistance {rPois, !d}
                                j - +1 ring of protection
                                (no ring)
                                I - ring of invisibility {+Inv, !d}

@: about to teleport, very slightly contaminated, corpse armour, very resistant
to hostile enchantments, extremely stealthy
A: almost no armour, amphibious, 8 rings, constrict 8, camouflage 1, gelatinous
body 1
a: Receive Corpses, Torment, Renounce Religion, Evoke Invisibility


You were on level 13 of the Dungeon.
You worshipped Kikubaaqudgha.
Kikubaaqudgha was exalted by your worship.
You were hungry.

You visited 3 branches of the dungeon, and saw 22 of its levels.
You also visited: Labyrinth and Ice Cave.

You collected 1833 gold pieces.
You spent 217 gold pieces at shops.

Inventory:

Hand weapons
 a - a +9 quick blade of pain (weapon)
   (You found it in a labyrinth)
 q - a +5 short sword of electrocution
   (You took it off a kobold on level 7 of the Dungeon)
Missiles
 O - 6 throwing nets {=f, !d}
Armour
 e - a +0 buckler (worn)
   (You found it in a labyrinth)
 B - a +0 shield of protection
   (You acquired it on level 1 of the Lair of Beasts)
Jewellery
 f - an uncursed ring of fire {rF+, rC-}
   (You found it on level 7 of the Dungeon)
 h - a ring of see invisible (right tentacle) {sInv, !d}
   (You found it on level 1 of the Dungeon)
 i - an uncursed ring of ice {rC+, rF-}
   (You took it off Fannar on level 10 of the Dungeon)
 j - a +1 ring of protection (on tentacle)
   (You found it in a labyrinth)
 n - a ring of poison resistance (on tentacle) {rPois, !d}
   (You found it on level 1 of the Lair of Beasts)
 s - a ring of protection from magic (on tentacle) {MR+, !d}
   (You found it on level 1 of the Lair of Beasts)
 x - a +5 ring of evasion (left tentacle)
   (You found it on level 3 of the Dungeon)
 E - a cursed ring of wizardry (on tentacle) {Wiz+, !d}
   (You found it on level 5 of the Dungeon)
 G - an uncursed amulet of stasis {Stasis, !d}
   (You found it on level 5 of the Dungeon)
 I - a ring of invisibility (on tentacle) {+Inv, !d}
   (You found it on level 7 of the Lair of Beasts)
 J - an uncursed amulet of rage {+Rage, !d}
   (You found it on level 5 of the Dungeon)
 T - an amulet of faith (around mantle) {Faith, !P}
   (You found it on level 2 of the Lair of Beasts)
Magical devices
 l - a wand of digging (4)
   (You found it on level 10 of the Dungeon)
 M - a wand of teleportation (5)
   (You found it in a labyrinth)
 Q - a wand of digging (9)
   (You found it on level 10 of the Dungeon)
Scrolls
 o - 2 scrolls of amnesia
 p - 2 scrolls of enchant armour {unknown}
 u - a scroll of recharging
 w - 4 scrolls of magic mapping {!r}
 z - 15 scrolls of remove curse
 H - 2 scrolls of fog
 P - a scroll of blinking {!r}
 R - 2 scrolls of identify
 V - 4 scrolls of teleportation
 X - a scroll of immolation {!r}
Potions
 b - a potion of magic {unknown}
 g - a potion of might
 k - 2 potions of restore abilities
 m - a potion of ambrosia {!q}
 r - 3 potions of agility
 C - 5 potions of brilliance
 D - 5 potions of curing
 W - 2 potions of berserk rage {!q}
 Z - 4 potions of haste
Books
 c - a book of Spatial Translocations
 d - a book of Ice
   (You found it on level 9 of the Dungeon)
 y - Kikubaaqudgha's Collected Works on Darkness
   (Kikubaaqudgha gifted it to you on level 8 of the Dungeon)

   Spells                             Type                      Level
   a - Animate Dead                   Necromancy                   4
   b - Bolt of Draining               Conjuration/Necromancy       5
   c - Agony                          Necromancy                   5
   d - Cigotuvi's Embrace             Necromancy                   5
   e - Dispel Undead                  Necromancy                   5
 K - a book of Air
   (You found it on level 11 of the Dungeon)
 L - a book of Frost
   (You found it on level 6 of the Dungeon)
Miscellaneous
 t - a box of beasts {used: 1}
   (You found it on level 7 of the Lair of Beasts)
 S - a disc of storms
   (You found it on level 8 of the Lair of Beasts)
Comestibles
 v - 12 meat rations {@e2}
 F - 25 fruits
 N - 5 bread rations {@e1}


   Skills:
 - Level 2.0 Fighting
 - Level 6.9 Short Blades
 - Level 1.0 Throwing
 - Level 7.2 Dodging
 - Level 12.7 Stealth
 - Level 6.2 Shields
 - Level 11.0 Spellcasting
 - Level 7.7 Summonings
 + Level 14.5 Necromancy
 - Level 3.0 Translocations
 - Level 2.0 Ice Magic
 - Level 6.9 Evocations


You had 7 spell levels left.
You knew the following spells:

 Your Spells              Type           Power        Failure   Level  Hunger
a - Shadow Creatures      Summ           N/A          4%          5    #####..
b - Blink                 Tloc           N/A          1%          2    None
c - Repel Missiles        Chrm/Air       #.....       6%          2    None
d - Cigotuvi's Embrace    Necr           ######....   1%          5    #####..
e - Simulacrum            Ice/Necr       #####.....   17%         6    ######.
g - Apportation           Tloc           ###.......   1%          1    None
q - Abjuration            Summ           ####......   1%          3    None
A - Animate Dead          Necr           N/A          1%          4    ###....


Dungeon Overview and Level Annotations

Branches:
Dungeon (13/15)            Temple (1/1) D:7            Lair (8/8) D:10
 Shoals (0/5) Lair:4       Spider (0/5) Lair:5        Slime (0/6) Lair:8
    Orc (0/4) D:9
 Vaults: D:13-14

Altars:
Ashenzari
Cheibriados
Dithmenos
Elyvilon
Fedhas
Gozag
Kikubaaqudgha
Makhleb
Nemelex Xobeh
Okawaru
Qazlal
Ru
Sif Muna
Trog
Vehumet
Xom
Yredelemnul
Zin
The Shining One

Shops:
D:7 *   D:13 :

Annotations:
Lair:1 exclusion: oklob plant
Lair:6 exclusion: hydra
Lair:8 exclusion: 3 oklob plants


Innate Abilities, Weirdness & Mutations

You cannot wear most types of armour.
You are amphibious.
You can wear up to eight rings at the same time.
You can use your tentacles to constrict many enemies at once.
Your skin changes colour to match your surroundings (Stealth).
Your rubbery body absorbs attacks (AC +1).


Message History

A jelly and a centaur come into view.
There are monsters nearby!
There are monsters nearby!
Unknown command.
A centaur and a centaur warrior come into view.
Found a stone staircase leading up.
The centaur warrior shouts!
The centaur shouts!
The jelly quivers.
The centaur warrior wields a shortbow.
The centaur warrior shoots an arrow of frost.
The arrow of frost misses you. The centaur hits you.
You take 2 damage, and have 76/78 hp.
Kikubaaqudgha delivers you corpses!
You feel slightly more hungry. You block the centaur's attack.
The centaur warrior shoots an arrow of frost.
The arrow of frost closely misses you. The centaur barely misses you.
You block the jelly's attack.
A giant frog zombie comes into view.
You now have 30/33 mp.
Unknown command.
Your shell of carrion and bone grows thicker.
The centaur shouts!
The centaur wields a shortbow.
The centaur shoots an arrow of flame.
The arrow of flame is repelled.
The centaur completely misses you.
The centaur warrior shoots an arrow of frost.
The arrow of frost is repelled.
You feel less protected from missiles. The jelly misses you.
You now have 25/33 mp.
Kikubaaqudgha delivers you a corpse!
You are feeling hungry.
A chunk of your corpse armour falls away.
The centaur closely misses you.
The centaur shoots an arrow of flame.
The arrow of flame closely misses you. The centaur closely misses you.
The jelly hits you.
You are splashed with acid!
The acid burns!
You take 14 damage, and have 62/78 hp.
You now have 22/33 mp.
Unknown command.
You call on the dead to rise...
The dead are walking!
The centaur warrior shoots an arrow of frost.
The arrow of frost hits you!
A chunk of your corpse armour falls away.
The arrow of frost freezes you. You block the centaur's attack.
The centaur shoots an arrow of flame.
The arrow of flame completely misses you.
The jelly misses you.
The centaur warrior shoots an arrow of frost.
The arrow of frost misses you.
You take 12 damage, and have 50/78 hp.
You now have 19/33 mp.
Unknown command.
You hit the jelly!
The jelly writhes in agony.
You kill the jelly!
Kikubaaqudgha accepts your kill. The centaur closely misses you.
You hit the centaur!
The centaur writhes in agony.
You squeeze the centaur.
You kill the centaur!
Kikubaaqudgha accepts your kill.
The centaur shoots an arrow of flame.
The arrow of flame barely misses you.
The centaur warrior shoots an arrow of frost.
The arrow of frost hits you!! The arrow of frost freezes you.
You take 22 damage, and have 29/78 hp.
MASSIVE DAMAGE!!
The centaur unwields an uncursed shortbow.
The centaur misses you.
The centaur warrior unwields an uncursed shortbow.
You block the centaur warrior's attack.
Your kobold zombie barely misses the centaur warrior.
You hit the centaur warrior.
The centaur warrior writhes in agony.
Your squeeze misses the centaur warrior.
You block the centaur's attack.
You barely miss the centaur warrior. The centaur warrior hits you.
* * * LOW HITPOINT WARNING * * *
The giant frog zombie hits you.
* * * LOW HITPOINT WARNING * * *
You take 9 damage, and have 20/78 hp.
Unknown command.
Drink which item? (? for menu, Esc to quit)
Okay, then.
Read which item? (? for menu, Esc to quit)
Okay, then.
Okay, then.
Okay, then.
Drink which item? (? for menu, Esc to quit)
Okay, then.
Okay, then.
Read which item? (? for menu, Esc to quit)
Really read
P - 2 scrolls of blinking {!r}?
Blink to where?
You are very lightly contaminated with residual magic.
As you read the scroll of blinking {!r}, it crumbles to dust.
Something barely misses the centaur warrior.
Read which item? (? for menu, Esc to quit)
As you read the scroll of teleportation, it crumbles to dust.
You feel strangely unstable.
The centaur warrior wields an uncursed shortbow.
The centaur warrior shoots an arrow of frost.
The arrow of frost hits you!!
* * * LOW HITPOINT WARNING * * *
The arrow of frost freezes you.
You die...
Kikubaaqudgha rasps: "You have failed me!
Welcome... death!"

.## ..# ######.##
#........# ############
.........# #..........#
.........# #..........#
...<...!c.# #..........#
.......)cZ####..........#
##......(.##@.........>.#
#......c....#..........#
#.....((.####..........#
##...##### ########.###
##.. #####...# #.
#.....### ##.#
##.########## #..
#...........# #..#
###...........#


You could see a centaur warrior.

Vanquished Creatures
  A minotaur (Lab)
  Fannar (D:10)
  A centaur warrior (D:13)
  An ice dragon (Lair:6)
  Erica (Lair:7)
  9 death yaks
  Nergalle (D:11)
  2 unseen horrors (D:13)
  2 hill giants
  2 ugly things
  A cyclops (D:12)
  A griffon (Lair:7)
  A wolf spider (Lair:8)
  5 elephants
  A manticore (D:12)
  Joseph (D:11)
  14 spiny frogs
  A guardian serpent (Lair:8)
  A torpor snail (Lair:4)
  6 black mambas
  2 fire drakes (Lair:8)
  11 komodo dragons
  A two-headed ogre (D:9)
  2 polar bears (Lair:6)
  A troll (D:11)
  A wandering mushroom (Lair:6)
  Prince Ribbit (D:7)
  A boulder beetle (Lair:7)
  2 basilisks
  A wraith (D:13)
  17 yaks
  17 wolves
  4 hungry ghosts
  Grum (D:11)
  A wyvern (Lair:7)
  A deep elf mage (D:10)
  A steam dragon (D:9)
  6 hippogriffs
  17 water moccasins
  Menkaure (D:6)
  A soldier ant (D:12)
  3 mottled dragons (Lair:8)
  12 porcupines
  3 sky beasts
  A necrophage (D:11)
  12 ice beasts
  10 spiders
  6 orc warriors
  4 phantoms
  2 swamp drakes (Lair:8)
  4 black bears
  3 wasps
  8 ogres
  8 centaurs
  Duvessa (D:8)
  12 crocodiles
  19 giant frogs
  8 big kobolds
  6 scorpions
  2 wyvern skeletons
  4 electric eels (D:6)
  14 killer bees
  A centaur zombie (D:7)
  5 wights (D:6)
  A giant frog zombie (D:13)
  Dowan (D:8)
  3 crimson imps
  10 hounds
  2 goliath beetles
  4 giant frog skeletons
  7 jellies
  7 orc priests
  12 worker ants
  2 centaur skeletons
  19 orc wizards
  A quasit (D:10)
  10 iguanas
  12 sheep
  A killer bee zombie (D:10)
  Ijyb (D:2)
  2 hound skeletons
  A worker ant zombie (D:7)
  A mummy (D:10)
  38 adders
  8 gnolls
  51 river rats
  5 shadow imps
  4 giant mites
  3 worms
  2 adder skeletons
  2 adder zombies
  4 giant geckos
  2 oozes
  58 orcs
  A ball python (D:3)
  A bat skeleton (D:5)
  10 giant cockroaches
  18 goblins
  20 hobgoblins
  17 jackals
  78 kobolds
  13 quokkas
  24 bats
  A giant gecko zombie (D:5)
  8 giant newts
  3 giant spores
  A quokka skeleton (D:8)
  15 rats
  35 ballistomycetes
  A fungus (Lair:8)
  A plant (Lair:8)
812 creatures vanquished.

Vanquished Creatures (collateral kills)
  A fire dragon (Lair:8)
  3 hydras
  5 death yaks
  A hill giant (D:10)
  A lindwurm (Lair:6)
  2 griffons
  A hornet (Lair:8)
  4 elephants
  2 black mambas
  6 spiny frogs
  2 komodo dragons
  A merfolk (D:9)
  2 spriggans (Lair:4)
  2 wyverns
  11 yaks
  3 hippogriffs
  5 water moccasins
  3 wolves
  A swamp drake (Lair:8)
  2 spiders
  A porcupine (Lair:5)
  A chimera (D:12)
  3 centaurs (Lair:4)
  2 giant frogs (Lair:5)
  3 crocodiles
  An iguana (Lair:4)
  A wyvern skeleton (D:7)
  2 jellies
  A killer bee (D:10)
  A quasit (Lair:7)
  An orc wizard (D:7)
  A worker ant (Lair:8)
  2 sheep (Lair:6)
  10 river rats
  4 adders
  A kobold (D:8)
  A bat (D:7)
  2 giant spores
  A rat (D:7)
  2 fungi
  2 plants
101 creatures vanquished.

Vanquished Creatures (others)
  A hydra (Lair:7)
  3 death yak zombies
  3 spiny frogs
  A basilisk (Lair:8)
  A two-headed ogre (D:10)
  A griffon zombie (Lair:7)
  A wolf (Lair:1)
  5 yaks
  4 hippogriffs
  A dancing weapon (Lair:6)
  4 water moccasins
  4 porcupines
  An elephant zombie (Lair:7)
  2 centaurs
  2 elephant skeletons (Lair:7)
  2 crocodiles
  A torpor snail zombie (Lair:4)
  7 giant frogs
  A komodo dragon zombie (Lair:6)
  A wyvern zombie (Lair:8)
  2 water moccasin zombies
  A polar bear zombie (Lair:6)
  A wyvern skeleton (D:10)
  6 yak zombies
  3 hippogriff zombies
  A water moccasin skeleton (Lair:1)
  3 wolf zombies
  3 killer bees (D:11)
  2 giant frog zombies
  A jelly (D:7)
  A porcupine zombie (Lair:2)
  5 hounds
  An orc wizard (D:9)
  A killer bee zombie (D:10)
  A crocodile zombie (Lair:8)
  A hound skeleton (Lair:2)
  2 river rats
  9 adders
  3 adder zombies
  4 sheep zombies (Lair:6)
  A sheep skeleton (Lair:6)
  4 orcs (D:9)
  A bat (D:9)
  A hobgoblin (D:7)
  9 river rat zombies
  9 giant spores
  A quokka skeleton (Lair:1)
  3 quokka zombies
  2 rats
  10 ballistomycetes
  4 fungi (Lair:8)
  4 plants
146 creatures vanquished.

Grand Total: 1059 creatures vanquished

Notes
Turn   | Place    | Note
--------------------------------------------------------------
     0 | D:1      | RobertPalmer, the Octopode Warper, began the quest for the Orb.
     0 | D:1      | Reached XP level 1. HP: 14/14 MP: 3/3
   119 | D:1      | Reached XP level 2. HP: 17/19 MP: 4/4
   368 | D:1      | Reached skill level 3 in Short Blades
  1193 | D:2      | Reached XP level 3. HP: 22/24 MP: 6/6
  1219 | D:2      | Found a glowing golden altar of the Shining One.
  1433 | D:2      | Reached skill level 4 in Short Blades
  1519 | D:2      | HP: 4/24 [worm (9)]
  1520 | D:2      | Reached XP level 4. HP: 4/29 MP: 7/7
  1726 | D:2      | Noticed Ijyb
  1739 | D:2      | Killed Ijyb
  2508 | D:3      | Found an opulent altar of Gozag.
  2669 | D:3      | Reached skill level 5 in Short Blades
  2669 | D:3      | Reached XP level 5. HP: 17/34 MP: 9/9
  3690 | D:4      | Reached skill level 6 in Short Blades
  3690 | D:4      | Reached XP level 6. HP: 24/39 MP: 10/10
  4383 | D:4      | Reached skill level 2 in Stealth
  4543 | D:4      | Reached skill level 3 in Stealth
  4543 | D:4      | Reached XP level 7. HP: 35/45 MP: 12/12
  4649 | D:4      | Noticed a sky beast
  4703 | D:4      | Learned a level 2 spell: Blink
  4709 | D:4      | Learned a level 5 spell: Shadow Creatures
  4829 | D:4      | Reached skill level 4 in Stealth
  4912 | D:4      | Reached skill level 5 in Stealth
  5471 | D:5      | Entered Level 5 of the Dungeon
  5625 | D:5      | Found an iron altar of Okawaru.
  5755 | D:5      | Reached skill level 6 in Stealth
  5931 | D:5      | Reached skill level 7 in Stealth
  6235 | D:6      | Reached skill level 8 in Stealth
  6235 | D:6      | Reached XP level 8. HP: 45/50 MP: 13/13
  6326 | D:6      | Reached skill level 9 in Stealth
  6463 | D:6      | HP: 8/50 [orc priest/divine providence (14)]
  6468 | D:6      | HP: 7/50 [poisoned by an orc warrior]
  6774 | D:5      | Learned a level 3 spell: Portal Projectile
  6818 | D:6      | HP: 12/50 [orc priest/nerve-wracking pain (2)]
  7010 | D:6      | Reached skill level 10 in Stealth
  7369 | D:6      | Found a staircase to the Ecumenical Temple.
  7371 | D:6      | Noticed Menkaure
  7384 | D:6      | HP: 18/75 [poisoned by a centaur]
  7390 | D:6      | HP: 16/75 [poisoned by a centaur]
  7395 | D:6      | HP: 13/75 [poisoned by a centaur]
  7401 | D:6      | HP: 10/75 [poisoned by a centaur]
  7408 | D:6      | HP: 6/50 [poisoned by a centaur]
  7415 | D:6      | HP: 5/50 [poisoned by a centaur]
  7423 | D:6      | HP: 4/50 [poisoned by a centaur]
  7815 | D:6      | Reached skill level 11 in Stealth
  8096 | D:6      | Reached skill level 12 in Stealth
  8128 | D:6      | Reached XP level 9. HP: 21/54 MP: 14/14
  8787 | D:6      | Killed Menkaure
  8787 | D:6      | Reached skill level 2 in Summonings
  8873 | D:7      | Found a white marble altar of Elyvilon.
  8874 | D:7      | Found a deep blue altar of Sif Muna.
  8876 | D:7      | Found an ancient bone altar of Kikubaaqudgha.
  8879 | D:7      | Found a stormy altar of Qazlal.
  8880 | D:7      | Found a sacrificial altar of Ru.
  8883 | D:7      | Found a sparkling altar of Nemelex Xobeh.
  8907 | D:7      | Became a worshipper of Kikubaaqudgha
  8943 | D:7      | Reached skill level 3 in Summonings
  8959 | D:7      | Found a burning altar of Makhleb.
  9012 | D:7      | Reached skill level 4 in Summonings
  9025 | D:7      | Learned a level 3 spell: Abjuration
  9622 | D:7      | Reached skill level 5 in Summonings
  9956 | D:7      | Found a staircase to the Ecumenical Temple.
  9975 | D:7      | Noticed Prince Ribbit
  9986 | D:7      | HP: 12/54 [Prince Ribbit (15)]
  9994 | D:7      | Acquired Kikubaaqudgha's first power
  9994 | D:7      | Received a gift from Kikubaaqudgha
  9996 | D:7      | Found a basalt altar of Yredelemnul.
 10137 | D:7      | Reached skill level 6 in Summonings
 11426 | D:8      | Reached skill level 7 in Summonings
 11480 | D:8      | Found a shadowy altar of Dithmenos.
 11525 | D:9      | HP: 12/54 [orc wizard/dagger (2)]
 11527 | D:9      | Reached XP level 10. HP: 13/60 MP: 10/16
 11834 | D:9      | Reached skill level 3 in Dodging
 11864 | D:9      | Acquired Kikubaaqudgha's second power
 12081 | D:9      | Reached skill level 4 in Dodging
 12226 | D:9      | HP: 12/60 [centaur/arrow of flame (5)]
 12227 | D:9      | HP: 4/60 [centaur/arrow of flame (8)]
 12554 | D:7      | Killed Prince Ribbit
 12554 | D:7      | Reached skill level 5 in Dodging
 12855 | D:7      | HP: 13/60 [orc warrior/flail (23)]
 12872 | Temple   | Entered the Ecumenical Temple
 13178 | D:7      | Found Koxeatek's Assorted Antiques.
 13241 | D:6      | HP: 14/60 [wight/trident (2)]
 13897 | D:6      | Reached skill level 6 in Dodging
 14791 | D:7      | Identified Kikubaaqudgha's Incunabulum of Necromancy (Kikubaaqudgha gifted it to you on level 7 of the Dungeon)
 14812 | D:7      | Bought a scroll of enchant weapon for 217 gold pieces
 14830 | D:7      | Reached skill level 7 in Dodging
 14991 | D:7      | Upgraded the game from 0.16.1-2-g95b8d4c to 0.16.1-4-g8e1b745
 15426 | D:8      | Reached skill level 3 in Spellcasting
 15724 | D:8      | Noticed Dowan
 15727 | D:8      | Noticed Duvessa
 15740 | D:8      | Killed Dowan
 15740 | D:8      | Received a gift from Kikubaaqudgha
 15746 | D:8      | Killed Duvessa
 15746 | D:8      | Reached skill level 4 in Spellcasting
 15793 | D:8      | Identified Kikubaaqudgha's Collected Works on Darkness (Kikubaaqudgha gifted it to you on level 8 of the Dungeon)
 15806 | D:8      | Found a bloodstained altar of Trog.
 15821 | D:8      | Identified a +1 rod of shadows (10/10) (You found it on level 8 of the Dungeon)
 15831 | D:8      | Reached skill level 1 in Necromancy
 15969 | D:8      | Reached skill level 2 in Necromancy
 16208 | D:8      | Reached skill level 3 in Necromancy
 16243 | D:8      | Learned a level 4 spell: Animate Dead
 16522 | D:8      | Reached XP level 11. HP: 51/64 MP: 21/21
 16724 | D:9      | Learned a level 3 spell: Teleport Other
 17095 | D:9      | Reached skill level 4 in Necromancy
 17424 | D:9      | Found a staircase to the Orcish Mines.
 17622 | D:9      | Reached skill level 5 in Necromancy
 18801 | D:10     | Entered Level 10 of the Dungeon
 18883 | D:10     | Noticed Fannar
 18894 | D:10     | Killed Fannar
 18894 | D:10     | Reached skill level 6 in Necromancy
 18931 | D:10     | Noticed a hill giant
 18960 | D:10     | Killed a hill giant
 18991 | D:10     | Noticed a hill giant
 19022 | D:10     | Killed a hill giant
 19022 | D:10     | Reached skill level 7 in Necromancy
 19167 | D:10     | Found a staircase to the Lair.
 19300 | D:10     | HP: 16/64 [poisoned by a killer bee]
 19306 | D:10     | HP: 13/64 [poisoned by a killer bee]
 19311 | D:10     | HP: 11/64 [poisoned by a killer bee]
 19317 | D:10     | HP: 11/64 [poisoned by a killer bee]
 19325 | D:10     | HP: 10/64 [poisoned by a killer bee]
 20177 | D:10     | Noticed a giant orange brain
 20208 | D:10     | Reached skill level 8 in Necromancy
 20212 | D:10     | Acquired Kikubaaqudgha's third power
 20413 | Lair:1   | Entered Level 1 of the Lair of Beasts
 20593 | Lair:1   | Identified a scroll of acquirement
 20772 | Lair:1   | Noticed a seven-headed hydra
 20786 | Lair:1   | Killed a seven-headed hydra
 20786 | Lair:1   | Reached skill level 9 in Necromancy
 21398 | Lair:1   | HP: 15/64 [komodo dragon (22)]
 21713 | Lair:1   | Reached skill level 10 in Necromancy
 22377 | Lair:2   | Reached XP level 12. HP: 24/70 MP: 12/22
 22559 | Lair:2   | Reached skill level 11 in Necromancy
 22827 | Lair:2   | HP: 15/70 [yak (7)]
 22832 | Lair:2   | Acquired Kikubaaqudgha's fourth power
 22836 | Lair:2   | HP: 10/70 [yak (7)]
 23593 | Lair:2   | Reached skill level 12 in Necromancy
 24006 | Lair:3   | Found a burning altar of Makhleb.
 25039 | Lair:4   | Noticed a death yak
 25057 | Lair:4   | Killed a death yak
 25183 | Lair:4   | Reached skill level 13 in Necromancy
 25565 | Lair:4   | Found a staircase to the Shoals.
 26161 | Lair:5   | Found a labyrinth entrance.
 26169 | Lab      | Entered a labyrinth
 26371 | Lab      | Noticed a minotaur
 26376 | Lab      | Killed a minotaur
 26495 | Lair:5   | Reached skill level 1 in Shields
 26718 | Lair:5   | Found a hole to the Spider Nest.
 26990 | Lair:6   | Found a frozen archway.
 26991 | Lair:6   | Noticed an ice dragon
 26993 | Lair:6   | Reached skill level 2 in Shields
 27081 | Lair:6   | Reached skill level 3 in Shields
 27095 | Lair:6   | Reached XP level 13. HP: 61/74 MP: 23/23
 27150 | Lair:6   | Killed an ice dragon
 27150 | Lair:6   | Reached skill level 4 in Shields
 27167 | IceCv    | Entered an ice cave
 27184 | IceCv    | Reached skill level 5 in Shields
 27623 | Lair:6   | Noticed a five-headed hydra
 27660 | Lair:6   | Found a staircase to the Shoals.
 27753 | Lair:6   | Reached skill level 6 in Shields
 28442 | Lair:6   | Reached skill level 5 in Spellcasting
 28807 | Lair:7   | Noticed Erica
 28815 | Lair:7   | Killed Erica
 28895 | Lair:7   | Learned a level 5 spell: Cigotuvi's Embrace
 29042 | Lair:7   | Reached skill level 6 in Spellcasting
 29359 | Lair:7   | Reached skill level 7 in Spellcasting
 29905 | Lair:7   | Reached skill level 8 in Spellcasting
 29914 | Lair:7   | HP: 12/74 [death yak (10)]
 30702 | Lair:7   | HP: 18/74 [poisoned by a spiny frog]
 30709 | Lair:7   | HP: 18/74 [poisoned by a spiny frog]
 30717 | Lair:7   | HP: 18/74 [poisoned by a spiny frog]
 31168 | Lair:8   | Entered Level 8 of the Lair of Beasts
 31294 | Lair:8   | Reached skill level 9 in Spellcasting
 31993 | Lair:8   | HP: 17/74 [death yak (6)]
 32275 | Lair:8   | Found a staircase to the Slime Pits.
 32277 | Lair:8   | HP: 15/74 [acid (27)]
 32643 | Lair:8   | Reached XP level 14. HP: 61/81 MP: 16/31
 32856 | Lair:8   | Reached skill level 10 in Spellcasting
 33468 | Lair:8   | Reached skill level 11 in Spellcasting
 34268 | D:7      | Identified a +7 quick blade of pain (a +5 quick blade bloodied by Kikubaaqudgha)
 34488 | D:8      | Reached skill level 1 in Evocations
 34964 | Lair:8   | Reached skill level 2 in Evocations
 35011 | Lair:8   | Reached skill level 3 in Evocations
 35127 | Lair:8   | Reached skill level 4 in Evocations
 35371 | Lair:8   | Reached skill level 5 in Evocations
 35790 | Lair:8   | Reached skill level 6 in Evocations
 36223 | D:11     | Noticed Nergalle
 36245 | D:11     | Killed Nergalle
 36523 | D:11     | Learned a level 2 spell: Repel Missiles
 36530 | D:11     | Learned a level 6 spell: Simulacrum
 36588 | D:11     | Noticed Grum
 36602 | D:11     | Killed Grum
 36655 | D:11     | Noticed Joseph
 36664 | D:11     | Killed Joseph
 36999 | D:11     | Reached skill level 1 in Ice Magic
 37464 | D:12     | Reached skill level 2 in Ice Magic
 37755 | D:12     | Reached skill level 14 in Necromancy
 38285 | D:13     | Found Vaylad's Book Boutique.
 38382 | D:13     | HP: 2/78 [centaur warrior/arrow of frost (19)]
 38382 | D:13     | Shot with an arrow of frost by a centaur warrior

Action                   |  1- 3 |  4- 6 |  7- 9 | 10-12 | 13-15 || total
-------------------------+-------+-------+-------+-------+-------++-------
Melee: Short sword       |    90 |   112 |    26 |   421 |       ||   649
       Dagger            |       |   119 |   566 |   267 |   388 ||  1340
       Quick blade       |       |       |       |       |   357 ||   357
 Fire: Blowgun           |       |    15 |    55 |   178 |     5 ||   253
Throw: Tomahawk          |       |       |       |    23 |       ||    23
 Cast: Blink             |       |       |     1 |    18 |    14 ||    33
       Portal Projectile |       |       |     1 |       |       ||     1
       Shadow Creatures  |       |       |     5 |    40 |    68 ||   113
       Animate Dead      |       |       |       |    29 |    20 ||    49
       Teleport Other    |       |       |       |     2 |     1 ||     3
       Cigotuvi's Embrac |       |       |       |       |    54 ||    54
       Abjuration        |       |       |       |       |    10 ||    10
       Repel Missiles    |       |       |       |       |     1 ||     1
Invok: Receive Corpses   |       |       |       |     2 |     6 ||     8
 Abil: Evoke Invisibilit |       |       |       |       |     4 ||     4
Evoke: Wand              |       |       |    12 |    14 |     8 ||    34
       Deck              |       |       |       |     2 |     2 ||     4
       Box of beasts     |       |       |       |       |     2 ||     2
  Use: Scroll            |       |     8 |    11 |    22 |    16 ||    57
       Potion            |       |       |     6 |     8 |     8 ||    22
 Stab: Sleeping          |     3 |     7 |    30 |    62 |    57 ||   159
       Distracted        |       |       |     3 |     7 |    10 ||    20
       Betrayed ally     |       |       |       |     1 |       ||     1
       Invisible         |       |       |       |     3 |    12 ||    15
       Petrifying        |       |       |       |       |     2 ||     2
  Eat: Chunk             |     1 |     5 |    17 |    53 |    38 ||   114
       Meat ration       |       |     1 |       |       |       ||     1
       Beef jerky        |       |       |     2 |     5 |       ||     7
       Bread ration      |       |       |     1 |     2 |     6 ||     9
       Fruit             |       |       |     1 |     1 |     5 ||     7
       Pizza             |       |       |       |     2 |     2 ||     4

Vault maps used:
D:1:      minmay_arrival_three_doors
D:2:      old_standard_altar, minmay_misc_feat_hallway, uniq_iyjb
D:3:      nicolae_gozag_seed_capital, wad_floor_pattern_1, minmay_mini_jars
D:4:      lemuel_upstairs_altar
D:5:      lemuel_coloured_pillars_altar, first_bread
D:6:      minmay_goblin_kobold_castle, minmay_temple_entry_mist, uniq_menkaure
D:7:      forest_paths, makhleb_heckhound_becter, yredelemnul_altar_generic,
          minitemple, serial_shops, shop, uniq_prince_ribbit1
D:8:      nicolae_dithmenos_the_darkroom, trog_ov_bears_minmay, uniq_duvessa
D:9:      erik_orc_1, hangedman_fish_farm
D:10:     lair_0_dummy, spider_trap, stair_cage_line, hex_tiny,
          minmay_brain_eaters, uniq_fannar
D:11:     uniq_nergalle, uniq_joseph, uniq_grum
D:12:     serial_glass, glass_columns_a, glass_columns_a, serial_bayou_pond_d
D:13:     serial_shops, shop, david_defended_altar_elf
Temple:   circular_temple_6
Lair:1:   minmay_lair_oklob_items, lemuel_fruit_tree
Lair:3:   basic_altar
Lair:4:   wad_woods_tower, minmay_shoals_entry_centaurs, minivault_25,
          infiniplex_staircase_pool
Lair:5:   spider_nest_entry_web_field, lab_entry_generic
Lair:6:   shoals_dummy_entry, portal_ice_cave_entry_animals_and_master,
          infiniplex_staircase_pool_2, grunt_megastairs_4
Lair:7:   grunt_megastairs_2, uniq_erica
Lair:8:   hangedman_lair_tendril_chambers, guppyfry_lair_end_dragon,
          minmay_slime_entry_oklob_open
Lab:      labyrinth_skeletal_remains, nicolae_lab_starburst
IceCv:    ice_cave_statue_garden_01

Table legend:
 A = Turns spent in this place as a percentage of turns spent in the entire game.
 B = Non-inter-level travel turns spent in this place as a percentage of non-inter-level travel turns spent in the entire game.
 C = Inter-level travel turns spent in this place as a percentage of turns spent in this place.
 D = Turns resting spent in this place as a percentage of non-inter-level travel turns spent in this place.
 E = Turns spent auto-exploring this place as a percentage of non-inter-level travel turns spent in this place.
 F = Non-inter-level travel turns spent in this place divided by the number of levels of this place that you've seen.
                   A       B       C       D       E      F
               +-------+-------+-------+-------+-------+----------------------
         Total | 100.0 | 100.0 |   0.4 |   2.3 |   3.0 | 671.8
       Dungeon |  59.3 |  59.3 |   0.4 |   2.6 |   3.6 | 735.8
        Temple |   0.3 |   0.3 |   0.0 |   5.4 |   0.0 |  56.0
          Lair |  38.5 |  38.5 |   0.4 |   2.0 |   2.2 | 775.5
     Labyrinth |   1.5 |   1.5 |   0.0 |   0.0 |   0.0 | 238.0
      Ice Cave |   0.4 |   0.4 |   0.0 |   8.6 |   0.0 |  58.0
               +-------+-------+-------+-------+-------+----------------------

Table legend:
 A = Kills in this place as a percentage of kills in entire the game.
 B = Kills by you in this place as a percentage of kills by you in the entire game.
 C = Kills by friends in this place as a percentage of kills by friends in the entire game.
 D = Other kills in this place as a percentage of other kills in the entire game.
 E = Experience gained in this place as a percentage of experience gained in the entire game.
 F = Experience gained in this place divided by the number of levels of this place that you have seen.
                   A       B       C       D       E      F
               +-------+-------+-------+-------+-------+----------------------
         Total | 100.0 | 100.0 | 100.0 |  -nan | 100.0 | 3439.9
       Dungeon |  60.5 |  66.3 |  12.8 |  -nan |  32.2 | 2045.3
          Lair |  38.6 |  32.6 |  87.2 |  -nan |  65.3 | 6736.2
     Labyrinth |   0.1 |   0.1 |   0.0 |  -nan |   1.4 | 1151.0
      Ice Cave |   0.8 |   0.9 |   0.0 |  -nan |   1.1 | 927.0
               +-------+-------+-------+-------+-------+----------------------
